 Dungeon Crawl Stone Soup version 0.19.4-8-ga85b6b9 (webtiles) character file.

1316 shpingle the Poker (level 8, -5/60 HPs)
             Began as a Mummy Monk on Feb 8, 2017.
             Was a Believer of Ashenzari.
             Slain by an orc warrior
             ... wielding a +0 glaive
              (21 damage)
             ... on level 6 of the Dungeon.
             The game lasted 00:19:20 (5777 turns).

shpingle the Poker (Mummy Monk)                     Turns: 5777, Time: 00:19:20

Health: -5/60      AC:  5    Str: 14    XL:     8   Next: 33%
Magic:  8/8        EV: 15    Int: 10    God:    Ashenzari [**....]
Gold:   282        SH:  0    Dex: 20    Spells: 0 memorised, 7 levels left

rFire  x . .     SeeInvis .     c - +4 spear (curse)
rCold  + . .     Gourm    .     v - +0 leather armour (curse)
rNeg   + + +     Faith    .     (no shield)
rPois  ∞         Spirit   .     (no helmet)
rElec  .         Reflect  .     r - +1 cloak
rCorr  .         Harm     .     (no gloves)
MR     +....                    (no boots)
Stlth  ++........               (no amulet)
                                (no ring)
                                l - +4 ring of dexterity

@: about to teleport
A: no food or potions, fire vulnerability, cold resistance 1, negative energy
resistance 3, torment resistance, unbreathing
a: Curse Item, Scrying, Renounce Religion


You were on level 6 of the Dungeon.
You worshipped Ashenzari.
Ashenzari was pleased with you.
You were not hungry.

You visited 2 branches of the dungeon, and saw 7 of its levels.

You collected 282 gold pieces.

Inventory:

Hand Weapons
 a - a +0 spear
 c - a cursed +4 spear (weapon)
 s - the +8 short sword "Puhosafy" {vamp, rElec}
   (You found it on level 4 of the Dungeon)

   It inflicts no extra harm, but heals its wielder when it wounds a living foe.
   It insulates you from electricity.
Missiles
 o - 4 tomahawks (quivered)
 p - 115 stones
Armour
 b - a +0 robe
 j - a +0 ring mail
 k - a +0 leather armour
 r - a +1 cloak (worn)
 v - a cursed +0 leather armour (worn)
Jewellery
 l - a +4 ring of dexterity (left hand)
Scrolls
 d - 2 scrolls of teleportation
 g - 3 scrolls of recharging
 h - a scroll of immolation
 m - 2 scrolls of magic mapping {unknown}
 n - 2 scrolls of fog
 t - a scroll of identify
 w - a scroll of enchant armour
Books
 u - a book of Conjurations

   Spells                             Type                      Level
   a - Magic Dart                     Conjuration                  1
   b - Searing Ray                    Conjuration                  2
   c - Dazzling Spray                 Conjuration/Hexes            3
   d - Fulminant Prism                Conjuration/Hexes            4
   e - Iskenderun's Mystic Blast      Conjuration                  4
   f - Iskenderun's Battlesphere      Conjuration/Charms           5


   Skills:
 + Level 4.1 Fighting
 + Level 5.4(7.7) Polearms
 + Level 3.7 Armour
 + Level 5.0 Dodging
 + Level 3.0 Stealth


You had 7 spell levels left.
You didn't know any spells.

Dungeon Overview and Level Annotations

Branches:
Dungeon (6/15)             Temple (1/1) D:4

Altars:
Ashenzari
Cheibriados
Dithmenos
Elyvilon
Fedhas
Gozag
Hepliaklqana
Kikubaaqudgha
Makhleb
Nemelex Xobeh
Okawaru
Qazlal
Ru
Sif Muna
Trog
Uskayaw
Vehumet
Xom
Yredelemnul
Zin
The Shining One

Annotations:
D:2 exclusion: downstairs
D:3 cheese's ghost, amateur MiFi
D:5 exclusion: downstairs
D:6 Grinder; Sneeker134's ghost, novice TrMo


Innate Abilities, Weirdness & Mutations

You do not eat or drink.
Your flesh is vulnerable to fire.
You are immune to poison.
Your flesh is cold resistant. (rC+)
You are immune to negative energy. (rN+++)
You are immune to unholy pain and torment.
You can survive without breathing.


Message History

The orc wizard mumbles some strange words.
The orc wizard flickers and vanishes!
Deactivating autopickup; reactivate with Ctrl-A.
Sneeker134's ghost says, "A storm is coming..."
Cornered, the killer bee turns to fight!
A leopard gecko comes into view.
You are too injured to fight recklessly!
You are too injured to fight recklessly!
Unknown command.
The leopard gecko hisses angrily.
The killer bee buzzes angrily.
You hit the killer bee but do no damage.
The killer bee is moderately wounded.
The killer bee stings you!
* * * LOW HITPOINT WARNING * * *
Cornered, the orc warrior turns to fight!
As you read the scroll of teleportation, it crumbles to dust.
You feel strangely unstable. The killer bee barely misses you.
The killer bee closely misses you.
The orc warrior hits you from afar with a glaive!!
You die...

*** ██ , .. , *█.*
* * █. ** * * , , ,
█. .. , █. *.█ ██*
,, ,,
█.███████████.█ . ,
█.@yooWl......█.█ █
, ,,
██████yo....↑██.█.█
, █..{......W......
,,
█.†..█.█....█...█ ,
█.<..█..........█ *
* █....█.█.█.███..█
* * █....█...█.█,
.█ █......█.███.██
█.█....█.█....█{


You could see an orc warrior, 2 killer bees, an orc wizard, Sneeker134's ghost,
an orc (fleeing) and a leopard gecko.

Vanquished Creatures
  3 sky beasts (D:5)
  2 ogres (D:4)
  A big kobold (D:3)
  3 scorpions
  2 killer bees
  A crimson imp (D:5)
  A jelly (D:6)
  2 orc priests (D:5)
  2 centaur skeletons
  2 iguanas
  3 orc wizards
  3 worker ants
  2 hound skeletons (D:5)
  5 adders
  3 oozes
  2 adder skeletons
  2 worms
  6 leopard geckos
  16 orcs
  6 bats
  7 giant cockroaches
  7 goblins
  2 hobgoblins
  6 jackals
  A ball python (D:1)
  6 frilled lizards
  A jackal skeleton (D:5)
  5 kobolds
  5 rats
107 creatures vanquished.

Notes
Turn   | Place    | Note
-------+----------+-------------------------------------------
     0 | D:1      | shpingle the Mummy Monk began the quest for the Orb.
     0 | D:1      | Reached XP level 1. HP: 18/18 MP: 1/1
   352 | D:1      | Reached skill level 3 in Polearms
   352 | D:1      | Reached XP level 2. HP: 24/24 MP: 2/2
   587 | D:1      | Reached XP level 3. HP: 27/29 MP: 3/3
  1369 | D:2      | Reached XP level 4. HP: 35/35 MP: 4/4
  1594 | D:3      | Reached skill level 3 in Dodging
  1774 | D:3      | Noticed a big kobold
  1797 | D:3      | Killed a big kobold
  1797 | D:3      | Reached XP level 5. HP: 38/41 MP: 5/5
  2007 | D:3      | Noticed cheese's ghost (amateur MiFi)
  3068 | D:4      | Found a staircase to the Ecumenical Temple.
  3083 | D:4      | Reached XP level 6. HP: 36/47 MP: 6/6
  3383 | Temple   | Entered the Ecumenical Temple
  3389 | Temple   | Became a worshipper of Ashenzari the Shackled
  3389 | Temple   | Reached * piety under Ashenzari
  3389 | Temple   | Reached ** piety under Ashenzari
  4082 | D:4      | Reached XP level 7. HP: 50/52 MP: 7/7
  4255 | D:4      | Identified the +8 short sword "Puhosafy" {vamp, rElec}
  4342 | D:5      | Entered Level 5 of the Dungeon
  4479 | D:5      | Reached skill level 3 in Armour
  5021 | D:5      | Reached XP level 8. HP: 60/60 MP: 8/8
  5534 | D:6      | Noticed Grinder
  5534 | D:6      | Noticed a troll
  5635 | D:5      | Reached skill level 3 in Stealth
  5757 | D:6      | Noticed Sneeker134's ghost (novice TrMo)
  5777 | D:6      | Slain by an orc warrior

Skill      XL: |  1  2  3  4  5  6  7  8 |
---------------+-------------------------+-----
Polearms       | 3 4 5 |  5.4
Dodging        | 3 4 5 |  5.0
Armour         | 1 2 3 |  3.7
Stealth        | 2 3 |  3.0
Fighting       | 4 |  4.1

Action                   |  1- 3 |  4- 6 |  7- 9 || total
-------------------------+-------+-------+-------++-------
Melee: Spear             |   119 |   186 |   182 ||   487
Throw: Tomahawk          |       |     6 |     1 ||     7
       Stone             |       |     1 |       ||     1
Invok: Curse Item        |       |     1 |       ||     1
  Use: Scroll            |       |     4 |     9 ||    13
 Stab: Sleeping          |     8 |     2 |     4 ||    14
       Distracted        |       |       |     1 ||     1
Armor: Robe              |    16 |       |       ||    16
       Ring mail         |     2 |    34 |    20 ||    56
       Leather armour    |       |       |     5 ||     5
Dodge: Dodged            |    42 |    81 |    78 ||   201
